[Event "*** SCC Grand Prix: Titled Tuesday Blitz"]
[Site "Chess.com"]
[Date "2020.10.13"]
[Round "7"]
[White "chito89"]
[Black "KuzubovYuriy"]
[Result "0-1"]
[WhiteElo "2796"]
[BlackElo "2896"]
[TimeControl "180+1"]
[EndTime "11:18:03 PDT"]
[Termination "KuzubovYuriy won on time"]

1. e4 c5 2. Nf3 Nc6 3. g3 g6 4. Bg2 Bg7 5. O-O d6 6. c3 Nf6 7.
Re1 e5 8. d4 cxd4 9. cxd4 Bg4 10.
d5 Nd4 11. Be3 O-O 12. Nc3 Nd7 13. Rc1 a6 14. Bxd4 exd4 15. Ne2 Qb6 16. Qd2 Bxf3 17.
Bxf3 Rfe8 18. Bg2 Nc5 19. Nxd4 Nxe4 20. Bxe4 Bxd4 21. Rc4 Bf6 22. Rec1 Re7 23. b4 Rae8 24. Bf3 Kg7 25. Kg2 h5 26. h4 Qb5 27. Rf4 Be5 28.
Rfc4 Qa4 29. Bd1 Qd7 30. a4 Bf6 31. a5 Qb5 32. Bf3 Re5 33. Rf4 Qd7 34. Bd1 Qd8 35. Ba4 Rf8 36. Qd3 g5 37. hxg5 Bxg5 38. Bc2 Rh8 39. Qd4 Kf8 40. Bg6 f6 41. Bf5 Bxf4 42. Rc8 Qxc8 43. Bxc8 Bh6 44. Bxb7 Kg7 45. Bxa6 h4 46.
Qa7+ Kg6 47. Bd3+ f5 48. Qd7 Bg7 49. g4 h3+ 50. Kh2 Bf6 51. f4 Re3 52. Qxf5+ Kf7 53. Qg6+ Ke7 54. g5 Bd4 55. f5 Rc8 56. f6+ Kd8 57. Bf5 Rcc3 58. Qg8+ Re8 59. Qf7 Re2+ 0-1

[Event "*** SCC Grand Prix: Titled Tuesday Blitz"]
[Site "Chess.com"]
[Date "2020.10.13"]
[Round "7"]
[White "pavelalexandru07"]
[Black "Piotrek1979"]
[Result "1-0"]
[WhiteElo "2258"]
[BlackElo "2419"]
[TimeControl "180+1"]
[EndTime "11:18:03 PDT"]
[Termination "pavelalexandru07 won by resignation"]

1. d4 Nf6 2. c4 g6 3. Nc3 Bg7 4. e4 d6 5. Be2 O-O 6. Be3 Na6 7. Nf3 c5 8. d5 Bg4 9. O-O Nd7 10. h3 Bxf3 11.
Bxf3 Rb8 12. Be2 Nc7 13. Rb1 a6 14. a4 b5 15. axb5 axb5 16. Nxb5 Nxb5 17. cxb5 Qa5 18.
Qc2 Rfc8 19. Rfc1 Nb6 20. b4 cxb4 21. Bxb6 Rxc2 22. Bxa5 Rxe2 23. Rxb4 Bb2 24. Rc6 Ba3 25. Rb1 Bc5 26. b6 Bxf2+ 27. Kf1 Ra2 28. b7 Ba7 29. Rc8+ Kg7 30. Bc7 Rxb7 31. Rxb7 Bd4 32. Bb6 Be5 33. Rxe7 Ra1+ 34. Ke2 Ra4 35. Kf3 Ra3+ 36.
Kf2 Ra4 37. Rxe5 dxe5 38. Kf3 Ra3+ 39. Ke2 Ra2+ 40. Kd3 Ra3+ 41. Kc4 Ra2 42. Kb5 Rxg2 43. d6 Rd2 44. Rd8 f5 45. d7 f4 46. Kc6 g5 47.
Re8 h5 48. d8=Q Rxd8 49. Rxd8 g4 50. hxg4 hxg4 51. Rd5 Kf6 52. Rd6+ Kg5 53. Re6 f3 54.
Rxe5+ Kf4 55. Rf5+ Kxe4 56. Rf8 g3 57. Kd6 f2 58.
Bxf2 gxf2 59. Rxf2 Ke3 60. Rf5 Ke4 61. Rd5 Ke3 62. Ke5 Kf3 63. Rd3+ Kg4 64. Re3 Kh4 65. Kf4 Kh5 66. Rg3 1-0

[Event "*** SCC Grand Prix: Titled Tuesday Blitz"]
[Site "Chess.com"]
[Date "2020.10.13"]
[Round "7"]
[White "Fh2411"]
[Black "Sven_Tica"]
[Result "0-1"]
[WhiteElo "2522"]
[BlackElo "2659"]
[TimeControl "180+1"]
[EndTime "11:18:04 PDT"]
[Termination "Sven_Tica won by resignation"]

1. d4 d5 2. Nf3 e6 3. Bf4 Bd6 4. Bg3 Qe7 5. e3 Bxg3 6. hxg3 Qb4+ 7. Nbd2 Qxb2 8. Bd3 Nf6 9. a4 Nc6 10. Rb1 Qc3 11. Bb5 Bd7 12. O-O a6 13. Bd3 Na5 14. Nb3 Nxb3 15. Rxb3 Qa5 16. Rxb7 O-O 17. Ne5 Rab8 18.
Qb1 Rxb7 19. Qxb7 Bc8 20. Qb3 c5 21. Qa3 c4 22. Nc6 Qc7 23. Ne7+ Kh8 24. Nxd5 Qd8 25.
Nxf6 cxd3 26. Ne4 dxc2 27. Rc1 Bb7 28. Nc5 Bd5 29. Rxc2 Kg8 30. Qb4 Qa8 31. f3 Rb8 32. Qd2 Rb1+ 33. Rc1 Rb8 34. Nd7 Rd8 35. Ne5 Qb8 36.
Kf2 h6 37. a5 Qd6 38. Nd3 Rb8 39. Rc2 Rb5 40. Rb2 Qc6 41. Rxb5 Qxb5 42. Nf4 Bc4 43. g4 g5 44. Nh3 Qb1 45. Ng1 Qf1+ 46. Kg3 Qxg1 47. Qb4 Qc1 48. Qb8+ Kh7 49. Qe5 Qe1+ 50. Kh3 Bd3 51. Kh2 Qh4+ 52. Kg1 Qe1+ 53. Kh2 Qf2 54. d5 Bf1 55. Qg3 Qxg3+ 56. Kxg3 exd5 57. Kf2 Bb5 58. Ke1 Kg6 59. Kd2 Kf6 60. Kc3 Ke5 61. g3 f5 62. gxf5 Kxf5 63. g4+ Ke5 64. Kd2 d4 0-1

[Event "*** SCC Grand Prix: Titled Tuesday Blitz"]
[Site "Chess.com"]
[Date "2020.10.13"]
[Round "7"]
[White "RamyresCoelho"]
[Black "monalize"]
[Result "0-1"]
[WhiteElo "2073"]
[BlackElo "2301"]
[TimeControl "180+1"]
[EndTime "11:18:05 PDT"]
[Termination "monalize won by checkmate"]

1. e4 c5 2. Nf3 d6 3. d4 cxd4 4.
Nxd4 Nf6 5. Nc3 a6 6. f3 b5 7. Be3 e6 8. Qd2 h5 9. O-O-O Bb7 10. Bd3 Nbd7 11. Rhg1 Rc8 12. Kb1 Be7 13. h3 h4 14. g4 hxg3 15. Rxg3 Nh5 16. Rgg1 Ne5 17. Qg2 Qc7 18. Rc1 Bf6 19. Nce2 Nc4 20. Bxc4 Qxc4 21.
Nb3 d5 22. exd5 Bxd5 23. Qf2 a5 24. Rg4 Qc7 25. Nbd4 Qb7 26. Nc3 Rxc3 27. b3 a4 28.
Bd2 Rc8 29. Re1 axb3 30. cxb3 Kf8 31. Bb4+ Be7 32. Bd2 Nf6 33. Rgg1 Bc5 34. Qg3 Ne8 35. Ne2 Bxf3 36. Rgf1 Be4+ 37. Kb2 Bf5 38. Bc3 Rxh3 39. Qe5 Bd6 40. Qd4 Qd5 41. Qxd5 exd5 42. Rxf5 Rh2 43.
Kc1 b4 44. Kd2 bxc3+ 45. Kc2 d4 46. Rd5 Be7 47. Rxd4 Bf6 48. Rd3 Ra8 49. a4 Nc7 50.
Kc1 Re8 51. Kd1 Na6 52. Nxc3 Rxe1+ 53. Kxe1 Nb4 54. Rd4 Nc2+ 55. Kd1 Nxd4 56. Nd5 Bg5 57. Nf6 gxf6 58. b4 Rd2+ 59. Ke1 Nf3+ 60. Kf1 Be3 61. b5 Rf2# 0-1

[Event "*** SCC Grand Prix: Titled Tuesday Blitz"]
[Site "Chess.com"]
[Date "2020.10.13"]
[Round "7"]
[White "vovachesss"]
[Black "GameOverBro"]
[Result "1-0"]
[WhiteElo "2686"]
[BlackElo "2537"]
[TimeControl "180+1"]
[EndTime "11:18:07 PDT"]
[Termination "vovachesss won by checkmate"]

1. d4 d6 2. e4 Nf6 3. Nc3 e5 4. Nf3 Nbd7 5. Bc4 Be7 6. h3 c6 7. a4 h6 8. O-O Qc7 9. Re1 Nf8 10. Nh4 Ne6 11. dxe5 dxe5 12. Nf5 O-O 13. Qf3 Ng5 14. Qg3 Nh5 15. Qg4 Nf6 16. Qg3 Nh5 17. Qg4 Nf6 18. Qe2 Bb4 19. f3 Nh5 20. Bd2 Be6 21. Bxg5 hxg5 22. Bxe6 fxe6 23. Qc4 Bxc3 24. Qxe6+ Kh8 25.
bxc3 Rf6 26. Qc4 Nf4 27. Rad1 Rd8 28. Qc5 b6 29. Qf2 g6 30. Ne3 Rfd6 31. Rxd6 Qxd6 32. Rd1 Qe7 33. Rxd8+ Qxd8 34. Ng4 Qd1+ 35. Kh2 Ne2 36. Nxe5 Qd6 37. Qxe2 Qxe5+ 38. g3 Qxc3 39. Qd3 Qe1 40. Kg2 Kg7 41. Qd4+ Kh7 42. Qd7+ Kh6 43.
Qd3 c5 44. c4 Qc1 45. Qe2 Qa1 46.
Qd2 Qxa4 47. h4 Qxc4 48. Qxg5+ Kh7 49. Qe7+ Kh6 50. Qf8+ Kh7 51. Qe7+ Kh6 52. Qg5+ Kh7 53. Qd2 b5 54. e5 b4 55. g4 b3 56. Qd7+ Kh6 57.
g5+ Kh5 58. Qh7# 1-0

[Event "*** SCC Grand Prix: Titled Tuesday Blitz"]
[Site "Chess.com"]
[Date "2020.10.13"]
[Round "7"]
[White "Ladislav1969"]
[Black "Natalya_Buksa"]
[Result "0-1"]
[WhiteElo "2370"]
[BlackElo "2518"]
[TimeControl "180+1"]
[EndTime "11:18:08 PDT"]
[Termination "Natalya_Buksa won by resignation"]

1. e4 c5 2. d4 cxd4 3. c3 d3 4. Bxd3 Nc6 5. c4 g6 6. Nc3 Bg7 7. f4 d6 8. Nf3 Nf6 9. h3 O-O 10. Be3 Nd7 11. Rc1 Nc5 12. Bb1 Be6 13. b3 Qa5 14. Qd2 a6 15. O-O f5 16. Ng5 Bf7 17. Nxf7 Rxf7 18. exf5 gxf5 19. Qe1 Re8 20. Qg3 Nb4 21. Bd4 e5 22. fxe5 dxe5 23. Bxf5 Rxf5 24. Rxf5 exd4 25. Na4 Nbd3 26. Rcf1 Ne4 27. Qxg7+ Kxg7 28. Rxa5 Ne5 29. Rd5 Ng3 30. Rd1 d3 31. Nc5 Ne2+ 32.
Kh2 Nc3 33. Rd2 Nxd5 34. cxd5 Rc8 35. Nxd3 Nd7 36. Nf4 Kf6 37. Kg3 Kf5 38. Kf3 Ne5+ 39.
Kg3 Rg8+ 40. Kf2 Kxf4 41. d6 Nd7 42. Rd5 Rg7 43. g4 Ke4 44. Rf5 Nb6 45. Kg3 Nd5 46.
h4 Rd7 47. Rh5 b5 48. Rh6 b4 49. g5 Nc3 50. Kg4 Nxa2 51. h5 Nc1 52. g6 hxg6 53.
hxg6 Nxb3 54. Rh7 Rxd6 55. g7 Rg6+ 56. Kh5 Rg1 57. Kh6 a5 58. Rh8 a4 59. Re8+ Kd3 60.
Re6 Rxg7 61. Kxg7 a3 62. Rb6 Kc3 63. Rc6+ Kb2 64. Kf6 a2 65. Rb6 a1=Q 66. Rxb4 Ka3+ 0-1

[Event "*** SCC Grand Prix: Titled Tuesday Blitz"]
[Site "Chess.com"]
[Date "2020.10.13"]
[Round "7"]
[White "ChessWarrior7197"]
[Black "amintabatabaei"]
[Result "1/2-1/2"]
[WhiteElo "3033"]
[BlackElo "2925"]
[TimeControl "180+1"]
[EndTime "11:18:09 PDT"]
[Termination "Game drawn by repetition"]

1. e4 e5 2. Nf3 Nc6 3. Bb5 Nf6 4. O-O Nxe4 5. d4 Nd6 6. dxe5 Nxb5 7. a4 Nbd4 8. Nxd4 d5 9. exd6 Nxd4 10. Qxd4 Qxd6 11.
Qe4+ Qe6 12. Qd4 Qd6 13. Qe3+ Be6 14. Nc3 a6 15. Rd1 Qc6 16. Qg3 Bd6 17. Bf4 Bxf4 18.
Qxf4 O-O 19. h3 Rad8 20. Rd4 Qb6 21. Rb4 Qc6 22. Re1 h6 23. Re3 Qd6 24. Qxd6 Rxd6 25. Rxb7 c5 26. Ne4 Rc6 27. Rc3 c4 28. Re3 Rd8 29. a5 Rd5 30. Ra3 Rd4 31. f3 Bd5 32.
Rb6 Bxe4 33. fxe4 Re6 34. Re3 Rxb6 35. axb6 Rd6 36. b3 Rxb6 37. bxc4 Rc6 38. Rc3 Re6 39.
c5 Rxe4 40. Kf2 Re8 41. Kf3 f6 42. Ra3 Re5 43. c6 Rc5 44. Rxa6 Kf7 45. Ke4 Rxc2 46.
Kd5 f5 47. g3 g5 48. Ra4 Kf6 49. h4 f4 50. hxg5+ hxg5 51. gxf4 gxf4 52. Rxf4+ Ke7 53.
Ra4 Kd8 54. Ra7 Kc8 55. Rh7 Rd2+ 56. Kc5 Rc2+ 57. Kd6 Rd2+ 58. Kc5 Rc2+ 59. Kb6 Rb2+ 60. Kc5 Rc2+ 1/2-1/2

[Event "*** SCC Grand Prix: Titled Tuesday Blitz"]
[Site "Chess.com"]
[Date "2020.10.13"]
[Round "7"]
[White "Zkid"]
[Black "K_A_S_T_O_R"]
[Result "1/2-1/2"]
[WhiteElo "2814"]
[BlackElo "2720"]
[TimeControl "180+1"]
[EndTime "11:18:09 PDT"]
[Termination "Game drawn - insufficient material"]

1. e4 c5 2. Nf3 d6 3. d4 cxd4 4.
Nxd4 Nf6 5. f3 Nc6 6. c4 Qb6 7. Nc2 g6 8. Nc3 Bg7 9. Rb1 Ng4 10. Qd2 Bxc3 11. Qxc3 Qf2+ 12. Kd1 Nf6 13. Bh6 Rg8 14. Qe3 Qxe3 15. Nxe3 b6 16. Nd5 Kd7 17. g3 Ne8 18.
Kc2 Nd4+ 19. Kc3 Nxf3 20. Bh3+ Kd8 21. Bg2 Ne5 22. Rbd1 Be6 23. b3 Bxd5 24. exd5 Ng4 25. Bg5 f6 26. Bc1 Nf2 27. a4 Nxd1+ 28. Rxd1 Nc7 29. Be3 Kd7 30. b4 f5 31. Bg5 Rge8 32. h4 Rac8 33. Kb3 e6 34. dxe6+ Nxe6 35. Bf6 Rf8 36. Be5 Rfd8 37. Bxd6 Ke8 38. Rd5 Rc6 39. Be5 Rcc8 40. Bd6 Kf7 41. c5 bxc5 42. bxc5 Rc6 43. Kc4 Rdxd6 44. Rxd6 Rxc5+ 45. Kb4 a5+ 46. Kb3 Ke7 47.
Ra6 Re5 48. Ra7+ Kd6 49. Kc4 Rc5+ 50. Kd3 f4 51. Bh3 Rd5+ 52. Kc4 Rc5+ 53. Kd3 Rd5+ 54.
Ke4 Re5+ 55. Kf3 Re3+ 56. Kf2 Nc5 57. Rxa5 Ne4+ 58. Kf1 Rxg3 59. Bc8 f3 60. Bb7 Nd2+ 61. Ke1 Rg2 62. Rd5+ Kc7 63. Rxd2 Rxd2 64. Kxd2 Kxb7 65.
Ke3 h6 66. Kxf3 g5 67. Kg4 gxh4 68. Kxh4 Ka6 69. Kh5 Ka5 70. Kxh6 Kxa4 1/2-1/2

[Event "*** SCC Grand Prix: Titled Tuesday Blitz"]
[Site "Chess.com"]
[Date "2020.10.13"]
[Round "7"]
[White "Nara_Kh"]
[Black "Ze-Pequeno"]
[Result "1/2-1/2"]
[WhiteElo "2367"]
[BlackElo "2174"]
[TimeControl "180+1"]
[EndTime "11:18:11 PDT"]
[Termination "Game drawn by agreement"]

1. e4 c5 2. Be2 Nc6 3. f4 g6 4.
Nf3 Bg7 5. O-O e6 6. d3 d5 7. c3 Nge7 8. Be3 b6 9. Bf2 Bb7 10. Na3 O-O 11. Nc2 Qc7 12. Bg3 Qd7 13. Qe1 Rad8 14.
Rd1 Ba6 15. Qf2 Qc8 16. Bh4 dxe4 17. dxe4 Bxe2 18. Qxe2 Rxd1 19. Rxd1 Rd8 20. Ne3 f6 21. Nc4 Qc7 22. Bg3 Rxd1+ 23. Qxd1 Qd8 24. Qxd8+ Nxd8 25. Nd6 Bf8 26. Nd2 Nf7 27. Ne8 Bg7 28. Nc4 Nc8 29.
Bh4 g5 30. fxg5 fxg5 31. Bg3 Kf8 32. Nc7 Ke7 33. Na3 Kd7 34. Nab5 Be5 35. Bxe5 Nxe5 36. a4 Nc4 37. b3 Nd2 38. b4 cxb4 39. cxb4 Nxe4 40.
Kf1 Ned6 41. Nxd6 Nxd6 42. Na6 e5 43. Ke2 Kc6 44. b5+ Kd5 45. Kd3 e4+ 46. Ke2 Nc4 47.
Nb8 Nb2 48. Nc6 Nxa4 49. Nxa7 Nc3+ 50. Ke3 Nd1+ 51. Ke2 Nb2 52. Nc8 Kc5 53. Ke3 Kxb5 54. Kxe4 Kc5 55. Na7 Nc4 56. Kf5 Ne3+ 57. Kxg5 Nxg2 58.
Kh6 Nh4 59. Kxh7 Nf3 60. h3 Ng5+ 61. Kg6 Nxh3 62. Kf5 Nf2 63. Kf4 Nd3+ 64. Ke3 Nb4 65. Kd2 Nc6 66. Nc8 b5 67. Kc3 Nb4 68. Ne7 Nd5+ 69.
Nxd5 Kxd5 70. Kb4 Kc6 71. Kb3 1/2-1/2

[Event "*** SCC Grand Prix: Titled Tuesday Blitz"]
[Site "Chess.com"]
[Date "2020.10.13"]
[Round "7"]
[White "AlexSuv"]
[Black "German_Bazeev"]
[Result "0-1"]
[WhiteElo "2533"]
[BlackElo "2713"]
[TimeControl "180+1"]
[EndTime "11:18:12 PDT"]
[Termination "German_Bazeev won by resignation"]

1. d4 Nf6 2. c4 e6 3. Nc3 d5 4. e3 c6 5. Nf3 Nbd7 6. Qc2 Bd6 7.
Bd3 O-O 8. O-O dxc4 9. Bxc4 b5 10. Be2 Bb7 11. e4 e5 12. Rd1 Qe7 13. dxe5 Nxe5 14.
Nd4 g6 15. Bg5 Rad8 16. Nb3 Nc4 17. Bxc4 bxc4 18. Na5 Bxh2+ 19. Kxh2 Ng4+ 20. Kg1 Qxg5 21. Nxb7 Rb8 22. Nd6 Qh4 23. Nxc4 Qh2+ 24. Kf1 Qh1+ 25. Ke2 Qxg2 26. Rf1 Nh2 27. Rg1 Qf3+ 28. Ke1 Rb4 29. Ne3 Qh5 30. Qe2 Nf3+ 31. Kf1 Qh3+ 32. Ng2 Nh2+ 33. Ke1 Nf3+ 34. Kf1 Rd8 35. Rd1 Nh2+ 36. Ke1 Nf3+ 37. Kf1 Rxd1+ 38. Nxd1 Rxe4 39. Ne3 Nh2+ 40. Ke1 Nf3+ 41. Kf1 Nxg1 42. Kxg1 Qe6 43. Qc2 Rd4 44.
b3 h5 45. Qc5 Rd7 46. Nf4 Qd6 47. Qxd6 Rxd6 48. Kg2 Kg7 49. Kf3 Rd7 50. Ne2 g5 51.
Nc3 Kg6 52. Ne4 f5 53. Nc5 Re7 54. Nc4 f4 55. Nd3 Kf5 56. Nb4 g4+ 57. Kg2 h4 58. Nxc6 h3+ 59. Kf1 Rh7 60. Nd4+ Ke4 61. Ne6 h2 62.
Ng5+ Kf5 63. Nxh7 h1=Q+ 0-1

[Event "*** SCC Grand Prix: Titled Tuesday Blitz"]
[Site "Chess.com"]
[Date "2020.10.13"]
[Round "7"]
[White "Grieve72"]
[Black "MaxLeto"]
[Result "0-1"]
[WhiteElo "2456"]
[BlackElo "2326"]
[TimeControl "180+1"]
[EndTime "11:18:13 PDT"]
[Termination "MaxLeto won by checkmate"]

1. e4 c5 2. Nc3 d6 3. Nf3 Nf6 4.
d4 cxd4 5. Nxd4 a6 6. f3 e6 7. Be3 b5 8. Qd2 Bb7 9. g4 h6 10. O-O-O Nbd7 11. Kb1 b4 12. Na4 d5 13. exd5 Nxd5 14. Bf2 Bd6 15. Nb3 Qc7 16. Bd3 O-O 17. h4 Ne5 18. Be4 Nc4 19. Qd3 Rfd8 20. Nac5 Bxc5 21.
Qxc4 Bxf2 22. Qxc7 Nxc7 23. Bxb7 Rab8 24. Be4 Nb5 25. Na5 Rxd1+ 26. Rxd1 Bxh4 27. Nc6 Rb6 28. Rd7 f5 29. gxf5 exf5 30. Bd5+ Kh7 31. Ne5 Bf6 32. f4 Rd6 33. Rxd6 Nxd6 34. Be6 g5 35. Nd3 Kg6 36. Kc1 a5 37. Kd2 g4 38. Ke3 h5 39. a3 bxa3 40.
bxa3 h4 41. c4 h3 42. Kf2 Bh4+ 43. Kg1 Ne4 44. Bd5 Nc3 45. Bb7 Be7 46. c5 g3 47.
Ne5+ Kf6 48. Nd7+ Ke6 49. Bc8 Kd5 50. c6 Kxc6 51. Ne5+ Kc7 52. Bxf5 Ne2+ 53. Kf1 g2+ 54. Kxe2 g1=Q 55. Bxh3 Qh2+ 56. Bg2 Qxg2+ 57. Ke3 Qg3+ 58.
Ke4 Qxa3 59. f5 Qb4+ 60. Kd5 Qc5+ 61. Ke6 Qd6+ 62. Kf7 Qxe5 63. Ke8 Bd6+ 64. Kf7 Qxf5+ 65. Ke8 Qd7# 0-1

[Event "*** SCC Grand Prix: Titled Tuesday Blitz"]
[Site "Chess.com"]
[Date "2020.10.13"]
[Round "7"]
[White "Steven_Rojas"]
[Black "LionTheLeon_06"]
[Result "0-1"]
[WhiteElo "2481"]
[BlackElo "2637"]
[TimeControl "180+1"]
[EndTime "11:18:14 PDT"]
[Termination "LionTheLeon_06 won by resignation"]

1. c4 g6 2. Nc3 Bg7 3. d4 c5 4. e3 Nf6 5. Nf3 O-O 6. d5 e6 7. e4 exd5 8. exd5 d6 9. Be2 Bf5 10. O-O Ne4 11. Nxe4 Bxe4 12. Qb3 Nd7 13. Bd2 Re8 14.
Rae1 Rb8 15. Ng5 h6 16. Nxe4 Rxe4 17. Bd3 Rxe1 18. Rxe1 a6 19. a4 Ne5 20. Bf1 Qc7 21.
h3 h5 22. f4 Nd7 23. Bc3 Nf6 24. Qc2 Re8 25. Rxe8+ Nxe8 26. Bxg7 Nxg7 27. g4 Qe7 28. Qe2 Qf6 29. Qd2 hxg4 30. hxg4 Qh4 31. Qg2 Qf6 32. Qf2 g5 33. fxg5 Qxg5 34. Qg3 Qf6 35. Qf2 Qg5 36. Qf3 Nh5 37. Kf2 Nf4 38. Kg3 Ng6 39. Bd3 Ne5 40. Qe4 Kf8 41. b3 Qc1 42. Be2 Qe1+ 43. Kg2 Qd2 44.
Kf2 Qc3 45. Qe3 Qb2 46. Qh6+ Ke7 47. Qg5+ Ke8 48. Qe3 Kd7 49. Kg3 Qa1 50. g5 Qh1 51.
Bg4+ Ke7 52. Bh3 Qd1 53. Bf5 Kf8 54. Bh3 Ke7 55. Bf5 Kd8 56. Bh3 Kc7 57. Qf4 Qxb3+ 58.
Kh4 Qxc4 59. Qxc4 Nxc4 60. Be6 Ne5 61. Bxf7 Nxf7 62. g6 Nh6 63. Kg5 Ng8 64. g7 Kd7 65.
Kg6 Ke8 66. a5 c4 67. Kf5 c3 68. Ke6 c2 69. Kxd6 c1=Q 0-1

[Event "*** SCC Grand Prix: Titled Tuesday Blitz"]
[Site "Chess.com"]
[Date "2020.10.13"]
[Round "7"]
[White "PhileKhoob"]
[Black "Vamostodorecto"]
[Result "1-0"]
[WhiteElo "2505"]
[BlackElo "2365"]
[TimeControl "180+1"]
[EndTime "11:18:14 PDT"]
[Termination "PhileKhoob won on time"]

1. Nf3 d5 2. g3 Nf6 3. Bg2 g6 4. O-O Bg7 5. d4 O-O 6. Ne5 c6 7. c4 Ng4 8. Nxg4 Bxg4 9. cxd5 cxd5 10. Nc3 Nc6 11. h3 Be6 12. Be3 Qd7 13. Kh2 b5 14. Nxb5 Rab8 15. Nc3 Rxb2 16. Na4 Rb4 17. Nc5 Qd6 18.
Bf4 Qd8 19. Nxe6 fxe6 20. e3 Qa5 21. h4 Rd8 22. Qg4 Kf7 23. Bh3 e5 24. dxe5 Qb6 25.
Qe6+ Kf8 26. h5 gxh5 27. Bh6 Na5 28. Bxg7+ Kxg7 29. Qxe7+ Kg6 30. Rac1 Nc4 31. Rfd1 Rb2 32. Kg1 Nxe3 33. Re1 Ng4 34. Rc6+ Qxc6 35. Bxg4 hxg4 36.
Qxd8 Qe6 37. Rd1 Rxa2 38. Qxd5 Qxd5 39. Rxd5 Re2 40. Rd6+ Kf5 41. Rd7 Rxe5 42. Rxa7 h5 43. Kg2 Kg5 44. Rg7+ Kf6 45. Ra7 Kg6 46. Ra6+ Kg5 47.
f4+ gxf3+ 48. Kxf3 Rf5+ 49. Kg2 Rf6 50. Ra4 Rf5 51.
Kh3 Re5 52. Rf4 Rd5 53. Re4 Rc5 54. Re8 Rd5 55. Rg8+ Kf6 56. Kh4 Re5 57. Rf8+ Kg6 58. Rg8+ Kf7 59. Rg5 1-0

[Event "*** SCC Grand Prix: Titled Tuesday Blitz"]
[Site "Chess.com"]
[Date "2020.10.13"]
[Round "7"]
[White "kingnb"]
[Black "Gulkov_Igor"]
[Result "0-1"]
[WhiteElo "2603"]
[BlackElo "2472"]
[TimeControl "180+1"]
[EndTime "11:18:17 PDT"]
[Termination "Gulkov_Igor won on time"]

1. d4 Nf6 2. Nf3 g6 3. Bg5 Bg7 4. Nbd2 d5 5. Bxf6 Bxf6 6. e4 dxe4 7. Nxe4 Bg7 8. Bd3 O-O 9. c3 Nc6 10. O-O e5 11. Nxe5 Nxe5 12. dxe5 Bxe5 13. Qf3 Bf5 14. Rad1 c6 15. Rfe1 Qc7 16. Ng3 Bxd3 17. Rxd3 Rad8 18. Red1 Rxd3 19. Rxd3 Bxg3 20. Qxg3 Qb6 21. b3 Re8 22. h4 Qa5 23. Rd2 Re1+ 24. Kh2 Qe5 25. Qxe5 Rxe5 26. Rd7 Re2 27. a4 Rxf2 28. Rxb7 a5 29.
b4 Ra2 30. Ra7 axb4 31. cxb4 Rb2 32. Rb7 Ra2 33. a5 c5 34. bxc5 Rxa5 35. Rc7 Ra4 36. Kh3 Rc4 37. h5 Kg7 38. Kg3 gxh5 39. Rc6 h4+ 40.
Kh3 f6 41. Rc7+ Kg6 42. c6 Kg5 43. Rc8 Rc3+ 44. Kh2 h6 45. c7 Kf5 46. Kg1 Kf4 47.
Kf2 Rc2+ 48. Ke1 Rc5 49. Kd2 Rc6 50. Kd3 f5 51. Kd4 Rc1 52. Kd5 h5 53. Kd6 Rd1+ 54. Ke6 Rc1 55. Kf7 Kg3 56. Rg8+ Kf2 57. c8=Q Rxc8 58.
Rxc8 Kxg2 59. Kg6 h3 60. Kxf5 h2 61. Rc2+ Kg3 62. Rxh2 Kxh2 0-1

[Event "*** SCC Grand Prix: Titled Tuesday Blitz"]
[Site "Chess.com"]
[Date "2020.10.13"]
[Round "7"]
[White "CaspiIsrael"]
[Black "Witik"]
[Result "0-1"]
[WhiteElo "2589"]
[BlackElo "2747"]
[TimeControl "180+1"]
[EndTime "11:18:22 PDT"]
[Termination "Witik won by resignation"]

1. e4 c5 2. Nf3 Nc6 3. d4 cxd4 4. Nxd4 g6 5. Nc3 Bg7 6. Be3 Nf6 7. Bc4 O-O 8. Bb3 Qa5 9. O-O d6 10. h3 Bd7 11. Qd2 Rfc8 12. Nf3 Qh5 13. Ng5 Be8 14. g4 Nxg4 15. hxg4 Qxg4+ 16. Kh2 Qh4+ 17. Kg2 Qg4+ 18. Kh2 h6 19. Rg1 Qh4+ 20. Nh3 Bd7 21. Rg3 Ne5 22. f4 Bxh3 23. Rxh3 Nf3+ 24. Kg2 Qxh3+ 25. Kxh3 Nxd2 26.
Bxd2 e6 27. Rd1 a6 28. Be1 Rc6 29. a4 g5 30. fxg5 hxg5 31. Kg4 Be5 32. Kxg5 Kf8 33. Kg4 Ke7 34. Kf3 Rh8 35. Rd3 Rcc8 36. Nd1 Rcg8 37. Bf2 Rh3+ 38. Ke2 Rh2 39. Rf3 Rgg2 40. c3 b5 41. axb5 axb5 42. Bc2 Bg3 43. Bd3 b4 44. cxb4 Be5 45. b5 Bd4 46. Kf1 Bxf2 47. Nxf2 f6 48.
Ke2 Rg8 49. Ke3 Rb8 50. Kd4 Rh4 51. Bc4 f5 52. Ke3 fxe4 53. Nxe4 d5 54. Bd3 dxe4 55. Bxe4 Rxb5 56. Rf4 Rxf4 57. Kxf4 Rxb2 58. Ke3 Kf6 59. Bf3 Ke5 60. Be2 Rb3+ 61. Bd3 Ra3 62. Ke2 Kd4 63. Bh7 e5 64. Kf2 e4 65. Ke2 Ra2+ 66. Ke1 Ke3 67.
Kd1 Rd2+ 68. Ke1 Rh2 69. Bxe4 Kxe4 0-1

[Event "*** SCC Grand Prix: Titled Tuesday Blitz"]
[Site "Chess.com"]
[Date "2020.10.13"]
[Round "7"]
[White "Omk124"]
[Black "Aygehovit1992"]
[Result "1/2-1/2"]
[WhiteElo "2491"]
[BlackElo "2630"]
[TimeControl "180+1"]
[EndTime "11:18:23 PDT"]
[Termination "Game drawn - insufficient material"]

1. e4 d6 2. d4 Nf6 3. Nc3 g6 4.
Bc4 Bg7 5. Nf3 O-O 6. O-O Nc6 7.
h3 Nxe4 8. Bxf7+ Rxf7 9. Nxe4 Bd7 10. c3 h6 11. d5 Ne5 12. Nxe5 dxe5 13. Nc5 Bc8 14. Ne6 Bxe6 15. dxe6 Rf6 16. Qb3 Qc8 17. Re1 Rxe6 18. Bxh6 Kh7 19. Bxg7 Kxg7 20. f4 e4 21. Qc4 Qd7 22. Rxe4 Rxe4 23. Qxe4 c6 24. Re1 Re8 25. Qe3 a6 26. Re2 e6 27. Qe5+ Kf7 28. Re4 Qd1+ 29. Kh2 Qd5 30. Rd4 Qxe5 31. Rd7+ Kf6 32. fxe5+ Kxe5 33. Rxb7 Rd8 34. Rb6 Rd2 35. Rxc6 Rxb2 36.
Rxa6 Rc2 37. Ra5+ Kf4 38. Ra4+ Kf5 39. c4 e5 40. h4 e4 41. Kg3 Rc3+ 42. Kf2 Kf4 43.
Ra6 Rc2+ 44. Kf1 Rc1+ 45. Kf2 e3+ 46. Ke2 Rc2+ 47. Ke1 Rxg2 48. Rf6+ Ke4 49. c5 Kd3 50. Rd6+ Ke4 51. a4 Rg1+ 52. Ke2 Rg2+ 53. Kf1 Rc2 54. Rxg6 Rxc5 55. Re6+ Kf3 56. Rf6+ Ke4 57. Ke2 Rc2+ 58.
Ke1 Ra2 59. Re6+ Kd4 60. Rg6 Ra1+ 61. Ke2 Ra2+ 62. Kf3 Rf2+ 63. Kg3 Rf7 64. h5 e2 65. Re6 Kd3 66. Kg4 Kd2 67. Rd6+ Ke1 68. h6 Kf1 69. Re6 e1=Q 70. Rxe1+ Kxe1 71. Kg5 Ra7 72. Kg6 Ra6+ 73. Kg7 Rxa4 74. Kg6 Ra7 75. h7 Ra6+ 76.
Kh5 Ra8 77. Kh6 Ke2 78. Kg7 Kf3 79. h8=Q Rxh8 80. Kxh8 1/2-1/2

[Event "*** SCC Grand Prix: Titled Tuesday Blitz"]
[Site "Chess.com"]
[Date "2020.10.13"]
[Round "7"]
[White "azikom"]
[Black "venus02"]
[Result "0-1"]
[WhiteElo "2630"]
[BlackElo "2514"]
[TimeControl "180+1"]
[EndTime "11:18:24 PDT"]
[Termination "venus02 won on time"]

1. d4 Nf6 2. Nf3 e6 3. Bg5 h6 4. Bh4 d5 5. e3 c5 6. c3 Nc6 7. Nbd2 Bd7 8. Bd3 Bd6 9. O-O Qc7 10. Bg3 Bxg3 11. hxg3 e5 12. e4 cxd4 13. cxd4 O-O 14.
exd5 Nxd4 15. Nxd4 exd4 16. Rc1 Qa5 17. Bc4 Rac8 18.
a3 Bg4 19. Nb3 Qa4 20. Qxd4 b5 21. Nc5 Rxc5 22. Qxc5 bxc4 23. Rxc4 Qb3 24. Rb4 Qd3 25. d6 Be6 26. Qd4 Qg6 27. Qxa7 Qh5 28. Rh4 Qd5 29. Qb6 Nd7 30. Qd4 Qc6 31. Re1 Nf6 32. Rf4 Rd8 33. Rd1 Ne8 34. Qc3 Qb6 35. Rb4 Qa7 36. Qe3 Qa6 37. Rb6 Qa5 38. b4 Qh5 39. f3 Nf6 40. a4 Nd5 41. Qc5 Qg5 42. Rb5 Qxg3 43. a5 Nf4 44. Qc2 Nh3+ 45. Kf1 Qh2 46. Rc5 Qg1+ 47. Ke2 Qxg2+ 48. Ke3 Qg3 49. d7 Qf4+ 50. Ke2 Qh2+ 51. Ke3 Qf4+ 52. Ke2 Ng5 53. Rd3 Qh2+ 54. Ke3 Qg1+ 55. Kd2 Bxd7 56. Kc3 Qg3 0-1

[Event "*** SCC Grand Prix: Titled Tuesday Blitz"]
[Site "Chess.com"]
[Date "2020.10.13"]
[Round "7"]
[White "WildBizon"]
[Black "grunbergmihai"]
[Result "1/2-1/2"]
[WhiteElo "2622"]
[BlackElo "2445"]
[TimeControl "180+1"]
[EndTime "11:18:24 PDT"]
[Termination "Game drawn - insufficient material"]

1. e4 Nf6 2. e5 Nd5 3. d4 d6 4. c4 Nb6 5. exd6 cxd6 6. Bd3 g6 7. Ne2 Bg7 8. O-O Nc6 9. Be3 Bg4 10. f3 Bf5 11. Bxf5 Nxc4 12. Bf2 gxf5 13. Qc2 d5 14. Qxf5 Nxb2 15. Nbc3 e6 16. Qg4 O-O 17. Rab1 f5 18. Qh4 Qxh4 19. Bxh4 Nc4 20. Rxb7 Rf7 21. Rxf7 Kxf7 22. Bf2 Rb8 23. Rb1 Rb2 24. Rxb2 Nxb2 25. Kf1 Nd3 26. Be3 Ndb4 27. Nb5 Nxa2 28. Ke1 a6 29. Nc7 Nab4 30. Kd2 Ke7 31. Kc3 Kd7 32. Na8 a5 33. Nb6+ Ke7 34. Na4 Na6 35. Kb3 Nc7 36. Kc2 Nb5 37. Kd3 Nb4+ 38. Kd2 Nd6 39. Bf2 Nc4+ 40.
Kc3 Nc6 41. Nc5 Kd6 42. Nb7+ Kc7 43. Nc5 Kd6 44. Bg3+ e5 45. Nb7+ Ke7 46. dxe5 Bxe5+ 47. Bxe5 N6xe5 48. Kd4 Ke6 49. Nf4+ Kf7 50. Nxd5 a4 51. f4 a3 52. Nc3 Ng6 53. Kxc4 Nxf4 54. g3 Ne2 55.
Kd3 Ng1 56. Ke3 Kg6 57. Nd6 Nh3 58. Nc4 h5 59. Nxa3 h4 60. Nd5 hxg3 61. hxg3 Kg5 62. Kf3 Ng1+ 63. Kg2 Kg4 64. Ne3+ Kg5 65. Nd5 Ne2 66.
Nc4 f4 67. Kf3 Nxg3 68. Nd6 Nf5 69. Ne4+ Kg6 70. Nxf4+ Kf7 71. Kg4 Nd6 72. Kg5 Nxe4+ 1/2-1/2